 Dungeon Crawl Stone Soup version 0.16-a0-380-gc94ca1e (webtiles) character file.

289 MRaven the Sneak (level 6, 0/28 HPs)
             Began as a Spriggan Enchanter on Sept 12, 2014.
             Killed by divine providence
             ... invoked by an orc priest
              (15 damage)
             ... on Level 4 of the Dungeon.
             The game lasted 00:16:15 (4417 turns).

MRaven the Sneak (Spriggan Enchanter)               Turns: 4417, Time: 00:16:17

HP   0/28        AC  6     Str  4      XL: 6   Next:  9%
MP  20/20        EV 24     Int 23      God:
Gold 382         SH  0     Dex 17      Spells:  2 memorised, 10 levels left

rFire  . . .     SeeInvis +     l - +2 dagger (flame) (curse)
rCold  . . .     Clarity  .     b - +1 robe (curse)
rNeg   + . .     rCorr    .     (shield restricted)
rPois  .         rRot     .     (helmet restricted)
rElec  .         Spirit   .     a - +2 cloak (curse)
SustAb .         Warding  +     (gloves unavailable)
rMut   .         Stasis   .     (boots unavailable)
Gourm  .                        e - cursed amulet of warding
MR     +....                    h - cursed +5 ring of intelligence
                                f - cursed +4 ring of evasion

@: very slightly contaminated, very quick, somewhat resistant to hostile
enchantments, stealthy
A: unfitting armour, see invisible, herbivore 3, speed 3, slow metabolism 2
a: no special abilities


You were on level 4 of the Dungeon.
You were not hungry.

You visited 1 branch of the dungeon, and saw 4 of its levels.
You also visited: Ossuary.

You collected 382 gold pieces.

Inventory:

Hand weapons
 l - a cursed +2 dagger of flaming (weapon)
Armour
 a - a cursed +2 cloak (worn)
 b - a cursed +1 robe (worn)
Magical devices
 t - a wand of invisibility (4) {unknown}
Comestibles
 j - 3 bread rations
 A - a royal jelly
Scrolls
 o - a scroll of fear
Jewellery
 e - a cursed amulet of warding (around neck)
 f - a cursed +4 ring of evasion (left hand)
 h - a cursed +5 ring of intelligence (right hand)
 p - a cursed amulet of stasis
Potions
 d - a potion of porridge
 g - 7 potions of curing
 i - a potion of invisibility {unknown}
 k - a potion of agility
 m - a potion of brilliance {unknown}
 n - a potion of haste {unknown}
 r - a potion of heal wounds
 s - 2 potions of cancellation
 u - a potion of poison {unknown}
 v - a potion of cure mutation {unknown}
 w - a potion of lignification
 x - 2 potions of magic {unknown}
 z - a potion of beneficial mutation {unknown}
 B - 2 potions of flight {unknown}
Books
 c - a book of Maledictions

   Spells                             Type                      Level
   *Corona                            Hexes                        1
   Sure Blade                         Hexes/Charms                 2
   *Ensorcelled Hibernation           Hexes/Ice                    2
   Confuse                            Hexes                        3
   Dazzling Spray                     Conjuration/Hexes            3
   Enslavement                        Hexes                        4


   Skills:
 * Level 3.9 Short Blades
 + Level 4.4 Dodging
 + Level 5.8 Stealth
 + Level 4.3 Spellcasting
 + Level 4.4 Hexes


You had 10 spell levels left.
You knew the following spells:

 Your Spells              Type           Power        Failure   Level  Hunger
a - Corona                Hex            ####...      1%          1    None
b - Ensorcelled Hibernat  Hex/Ice        ###...       10%         2    None


Dungeon Overview and Level Annotations

Branches:
Dungeon (4/15)
 Temple: D:4-7

Altars:


Innate Abilities, Weirdness & Mutations

You are tiny and cannot use many weapons and most armour.
You have supernaturally acute eyesight.
You are a herbivore.
You cover ground extremely quickly.
You need consume almost no food.


Message History

The orc priest hits you with a hand axe.
You hit the orc priest. You burn the orc priest.
The orc priest is lightly wounded.
The orc completely misses you. The orc barely misses you.
You hit the orc priest. You burn the orc priest.
The orc priest is heavily wounded.
The orc priest mumbles some strange prayers to Beogh against you.
Pain shoots through your body! The orc misses you.
You hit the orc priest. You burn the orc priest.
The orc priest is severely wounded.
The orc closely misses you.
The orc priest hits you with a hand axe.
The orc hits you but does no damage.
You hit the orc priest. You burn the orc priest.
The orc priest is almost dead.
The orc barely misses you.
The orc priest mumbles some strange prayers to Beogh against you.
Something smites you!
Ouch! That really hurt!
You die...

.....................# #.#...#
.#######.#.........>.######.#.#.#
.#######.#.......................
..............................#.#
..######.#..#.##..#..#######..#.#
..######.#....##..#..#######..#.#
......##.#......................#
..........#.#.##oo..########..###
..#...........##@o#.# #..#
.................##.# #..#
#)######[##.#.##.##.# #..#
#.######.##.#.##.##.# #..#
..............##.##.# #..#
#.######.##.#.##.##.########..###
#.# #.##......#...............
#.######.##.#..####.########.....
#..............# #.# #.####


You could see an orc priest and 2 orcs.

Vanquished Creatures
  2 worker ants
  9 mummies
  2 adders (D:2)
  2 worms
  2 giant geckos (D:3)
  8 orcs (D:3)
  17 bats
  3 giant cockroaches
  7 hobgoblins
  5 jackals
  10 kobolds
  2 quokkas
  A ball python (D:3)
  A giant newt (D:2)
  2 gnoll zombies (Ossuary)
  7 goblins
  A hobgoblin zombie (Ossuary)
  2 kobold zombies (Ossuary)
  2 orc zombies (Ossuary)
  10 rats
  A plant (D:2)
96 creatures vanquished.

Notes
Turn   | Place    | Note
--------------------------------------------------------------
     0 | D:1      | MRaven, the Spriggan Enchanter, began the quest for the Orb.
     0 | D:1      | Reached XP level 1. HP: 9/9 MP: 4/4
   190 | D:1      | Reached XP level 2. HP: 13/13 MP: 7/7
   203 | D:1      | Learned a level 2 spell: Ensorcelled Hibernation
   714 | D:2      | Reached XP level 3. HP: 16/16 MP: 5/11
  1024 | D:2      | Reached skill level 5 in Stealth
  1895 | D:2      | Reached XP level 4. HP: 21/21 MP: 13/13
  3111 | D:4      | Reached XP level 5. HP: 24/24 MP: 17/17
  3237 | D:4      | Found a sand-covered staircase.
  3244 | Ossuary  | Entered an ossuary
  4116 | D:4      | Reached XP level 6. HP: 28/28 MP: 20/20
  4417 | D:4      | Killed from afar by an orc priest

Action                   |  1- 3 |  4- 6 || total
-------------------------+-------+-------++-------
Melee: Dagger            |   144 |   181 ||   325
 Cast: Corona            |     5 |     1 ||     6
       Ensorcelled Hiber |    10 |     3 ||    13
  Use: Scroll            |     2 |    12 ||    14
       Potion            |       |     4 ||     4
 Stab: Sleeping          |    10 |    14 ||    24
       Distracted        |     2 |     1 ||     3
  Eat: Fruit             |       |     2 ||     2
